Map: Pendiente de Agustín EE

Players

MrFercho

  • Race: Zerg Zerg
  • League: Silver
  • Spawn Location: 6:00

tigro

  • Race: Terran Terran
  • League: Bronze
  • Spawn Location: 6:00

TATORREA

  • Race: Protoss Protoss
  • League: Silver
  • Spawn Location: 5:00

iSUCK

  • Race: Terran Terran
  • Spawn Location: 12:00

ponush

  • Race: Terran Terran
  • Spawn Location: 11:00

Porkchops

  • Race: Terran Terran
  • League: Bronze
  • Spawn Location: 12:00

VOD

Have the link to the VOD?

Description

Time

  • Played on: June 25, 2020, 11:01 p.m.
  • Length: 15:13
Show
View Real Time Build Order
Export as new Build Order

MrFercho Zerg 

Build Orders: Hatch First 

Get SALT Encoding   

  12  0:01  Drone  
  13  0:13  Overlord  
  13  0:28  Drone  
  14  0:31  Drone x2  
  16  0:47  Drone  
  17  0:56  Drone  
  18  0:59  Hatchery  
  17  1:11  Spawning Pool  
  17  1:14  Drone  
  17  1:18  Drone  
  18  1:22  Drone  
  19  1:28  Extractor  
  19  1:32  Drone  
  19  1:47  Drone  
  20  1:57  Overlord  
  20  1:58  Queen  
  22  2:21  Queen  
  24  2:24  Drone x2  
  24  2:25  Drone x2  
  24  2:26  Drone  
  29  2:38  Lair  
  29  2:48  Extractor, Drone  
  29  2:49  Drone x2  
  32  2:51  Drone  
  32  2:54  Drone  
  33  3:04  Drone x2  
  35  3:10  Drone  
  36  3:13  Overlord x3  
  36  3:32  Drone  
  36  3:33  Drone x2  
  43  3:34  Drone x4  
  43  3:40  Spire  
  42  3:46  Extractor  
  42  3:47  Extractor  
  40  3:49  Baneling Nest  
  39  3:56  Zergling x6  
  42  4:06  Spine Crawler  
  42  4:07  Spine Crawler  
  40  4:16  Spine Crawler  
  39  4:19  Metabolic Boost, Spine Crawler  
  39  4:22  Zergling x2  
  39  4:23  Zergling x8  
  43  4:33  Baneling x6  
  36  5:03  Mutalisk x2  
  39  5:08  Zergling x8  
  43  5:16  Zergling x2  
  43  5:17  Zergling x2  
  45  5:27  Zergling x4  
  47  5:39  Zergling x4  
  49  5:48  Zergling x4  
  51  5:50  Overlord x2  
  51  5:51  Overlord  
  47  6:45  Zergling x2  
  47  6:46  Zergling x20  
  57  7:06  Zergling x12  
  62  7:22  Mutalisk x2  
  57  7:23  Mutalisk x6  
  68  7:42  Hatchery  
  67  7:48  Hatchery  
  66  7:52  Zerg Flyer Weapons Level 1  
  61  8:03  Zergling x14  
  61  8:04  Zergling x8  
  60  8:25  Zergling x8  
  64  8:36  Overlord x4  
  64  8:40  Hatchery  
  63  8:50  Zergling x4  
  63  8:51  Zergling x6  
  57  9:10  Mutalisk x6  
  69  9:24  Drone x5  
  74  9:46  Zergling x14  
  81  10:04  Drone x7  
  88  10:08  Drone x2  
  66  11:13  Mutalisk x9  
  66  11:14  Mutalisk x8  
  100  11:29  Drone x8  
  100  11:30  Drone  
  109  11:37  Extractor  
  92  11:47  Extractor  
  91  11:55  Drone  
  91  11:56  Drone x4  
  91  11:58  Drone  
  91  11:59  Overlord x5  
  97  12:21  Drone x3  
  97  12:22  Drone  
  101  12:39  Zerg Flyer Weapons Level 2  
  101  12:49  Mutalisk x11  
  91  13:35  Mutalisk  
  91  13:36  Mutalisk x10  
  89  13:57  Mutalisk  
  89  13:58  Mutalisk x2  
  89  14:02  Zergling x2  
  96  14:03  Zergling x28  
  106  14:20  Hatchery  
  65  14:42  Zergling x30  
  65  14:43  Zergling x16  
Show
View Real Time Build Order
Export as new Build Order

tigro Terran 

Build Orders:  

Get SALT Encoding   

  12  0:03  SCV  
  13  0:15  SCV  
  14  0:26  Supply Depot  
  14  0:29  SCV  
  15  0:41  Refinery  
  15  0:48  SCV  
  16  0:53  Barracks  
  16  1:00  SCV  
  16  1:01  Refinery  
  17  1:12  SCV  
  18  1:22  Supply Depot  
  18  1:24  SCV  
  19  1:36  SCV  
  20  1:41  Marine  
  21  1:50  Barracks  
  21  1:55  SCV  
  21  1:59  Marine  
  23  2:07  SCV  
  24  2:17  Marine  
  24  2:20  SCV  
  26  2:23  Engineering Bay  
  26  2:35  Marine  
  27  2:40  Barracks Reactor, Factory  
  27  2:46  Orbital Command  
  27  2:53  Marine  
  28  3:07  Terran Infantry Weapons Level 1  
  28  3:12  Barracks Tech Lab  
  28  3:35  Factory Tech Lab  
  28  3:47  Starport  
  28  3:56  Combat Shield  
  28  4:01  Marine x3  
  26  4:19  Marine x3  
  26  4:25  Starport  
  14  4:37  Marine x3  
  4  4:55  Marine x3  
  6  5:02  Terran Infantry Armor Level 1  
  6  5:13  Marine  
Show
View Real Time Build Order
Export as new Build Order

TATORREA Protoss 

Build Orders:  

Get SALT Encoding   

  12  0:01  Probe  
  13  0:14  Probe  
  14  0:22  Pylon  
  14  0:26  Probe  
  15  0:40  Probe  
  16  0:45  Gateway  
  16  0:52  Probe  
  17  1:02  Probe  
  17  1:04  Assimilator  
  17  1:08  Pylon  
  17  1:10  Probe  
  18  1:18  Probe  
  20  1:26  Probe  
  21  1:35  Probe, Cybernetics Core  
  22  1:40  Gateway  
  22  1:47  Probe  
  22  1:48  Assimilator  
  23  1:54  Pylon  
  23  1:59  Probe  
  24  2:11  Probe  
  24  2:15  Robotics Facility  
  25  2:24  Warp Gate  
  25  2:33  Stalker  
  27  2:42  Stalker  
  29  2:51  Nexus  
  29  2:59  Probe  
  30  3:07  Observer  
  31  3:23  Probe  
  32  3:28  Immortal  
  36  3:36  Probe  
  36  3:39  Stalker  
  39  3:53  Pylon  
  39  3:58  Pylon  
  39  4:02  Pylon  
  39  4:03  Probe, Zealot  
  39  4:07  Observer  
  43  4:30  Stalker  
  35  4:46  Stalker  
  35  4:55  Stalker  
  35  5:08  Immortal  
  35  5:11  Stalker  
  41  5:22  Stalker  
  39  5:38  Stalker  
  37  5:47  Immortal  
  41  5:53  Stalker  
  43  6:02  Stalker  
  41  6:18  Stalker  
  43  6:26  Immortal  
  43  6:31  Stalker  
  49  6:39  Probe x2  
  51  6:44  Assimilator  
  51  6:51  Probe x2  
  53  6:54  Nexus  
  53  6:58  Pylon  
  53  7:01  Stalker  
  55  7:02  Pylon  
  55  7:03  Stalker, Probe  
  55  7:07  Gateway  
  58  7:08  Gateway  
  58  7:10  Gateway  
  58  7:12  Gateway  
  58  7:17  Probe x2  
  60  7:24  Assimilator  
  60  7:28  Gateway  
  60  7:29  Probe x2  
  62  7:31  Gateway  
  62  7:38  Immortal  
  62  7:41  Probe x2  
  68  7:53  Probe x2  
  68  7:55  Stalker x2  
  74  7:59  Assimilator  
  74  8:01  Assimilator  
  74  8:04  Robotics Bay  
  74  8:14  Probe  
  74  8:15  Probe  
  74  8:16  Probe  
  74  8:17  Immortal  
  81  8:26  Probe  
  82  8:27  Probe  
  82  8:28  Probe  
  84  8:35  Forge  
  84  8:38  Forge  
  84  8:42  Forge, Probe  
  84  8:43  Probe x2  
  87  8:55  Probe x3  
  90  8:56  Stalker  
  90  8:57  Stalker  
  90  8:59  Stalker  
  90  9:01  Stalker  
  98  9:04  Stalker  
  98  9:07  Stalker  
  102  9:11  Stalker  
  102  9:14  Stalker  
  106  9:20  Probe x3  
  106  9:24  Extended Thermal Lance  
  109  9:57  Protoss Ground Armor Level 1, Protoss Ground Weapons Level 1, Protoss Shields Level 1  
  109  9:58  Pylon  
  109  10:15  Colossus  
  109  10:16  Probe x2  
  109  10:18  Pylon  
  117  10:21  Pylon  
  117  10:27  Pylon  
  117  10:30  Pylon  
  117  10:34  Pylon  
  117  10:36  Probe x3  
  117  10:38  Nexus  
  120  10:48  Probe x2  
  120  10:49  Stalker  
  124  10:50  Stalker x3  
  124  10:51  Stalker  
  130  10:57  Nexus  
  130  10:59  Pylon  
  82  11:15  Stalker x2  
  82  11:16  Stalker x4  
  82  11:17  Stalker x2  
  98  11:25  Probe x3  
  101  11:37  Probe x2  
  101  11:38  Probe  
  104  11:44  Stalker x3  
  104  11:45  Stalker  
  104  11:46  Stalker x2  
  116  11:48  Stalker  
  116  11:49  Probe  
  116  11:50  Probe x2  
  121  11:55  Colossus  
  121  11:58  Probe  
  128  12:01  Probe  
  128  12:02  Probe  
  130  12:09  Probe x2  
  130  12:10  Probe  
  130  12:14  Probe  
  134  12:15  Assimilator  
  134  12:18  Probe  
  134  12:19  Assimilator  
  134  12:21  Probe x2  
  134  12:22  Probe  
  138  12:25  Stalker x3  
  138  12:26  Stalker x2, Probe  
  149  12:30  Probe  
  150  12:37  Twilight Council  
  150  12:41  Probe  
  150  12:42  Probe x4  
  155  12:49  Stalker, Colossus  
  155  12:50  Stalker x4  
  171  12:52  Stalker  
  171  12:53  Probe  
  171  12:54  Probe  
  143  13:08  Stalker x2  
  101  13:20  Stalker x2  
  101  13:21  Stalker x4  
  92  13:38  Stalker  
  92  13:39  Stalker  
  73  13:57  Stalker x2  
  77  14:09  Stalker x2  
  76  14:34  Stalker  
  38  15:05  Gateway  
  38  15:07  Gateway  
  38  15:08  Gateway  
  38  15:10  Gateway  
  38  15:12  Gateway x2  
Show
View Real Time Build Order
Export as new Build Order

iSUCK Terran 

Build Orders:  

Get SALT Encoding   

  12  0:04  SCV  
  13  0:21  Supply Depot  
  13  0:22  SCV  
  14  0:39  SCV  
  15  0:48  Barracks  
  15  0:51  SCV  
  15  0:52  Barracks  
  16  1:01  Supply Depot  
  16  1:03  SCV  
  17  1:12  Refinery  
  17  1:15  SCV  
  18  1:28  SCV  
  19  1:37  Barracks  
  19  1:42  Marine x2  
  21  1:53  Supply Depot  
  21  1:57  Supply Depot  
  21  2:00  Marine  
  22  2:03  Marine  
  23  2:18  Marine  
  23  2:21  Marine  
  25  2:24  Barracks Reactor  
  25  2:36  Marine  
  26  2:39  Marine  
  27  2:48  Engineering Bay  
  27  2:54  Marine  
  27  2:56  Marine  
  29  3:03  Marine x2  
  31  3:11  Supply Depot, Marine  
  32  3:13  Orbital Command  
  32  3:14  Marine  
  33  3:21  Marine  
  33  3:24  Terran Infantry Weapons Level 1  
  33  3:27  Marine  
  34  3:29  Marine  
  34  3:32  Marine  
  37  3:39  Marine  
  38  3:45  Marine  
  38  3:47  Marine  
  40  3:50  Marine  
  25  5:00  Marine  
  25  5:01  Marine x3  
  25  5:18  Marine x2  
  25  5:19  Marine  
  29  5:22  Factory  
  29  5:25  Barracks Tech Lab  
  28  5:36  Marine x2  
  28  5:37  Marine  
  31  5:51  Stimpack  
  31  5:54  Marine x3  
  34  5:57  Refinery  
  34  6:12  Marine x3  
  37  6:30  Marine  
  37  6:32  Missile Turret  
  32  6:37  Factory Tech Lab  
  32  6:41  Hi-Sec Auto Tracking  
  32  6:47  Starport  
  32  6:48  Marine x4  
  32  6:51  Starport  
  36  7:01  Missile Turret  
  36  7:36  SCV  
  37  7:41  Siege Tank  
  37  7:43  Starport Reactor  
  40  7:47  Starport Reactor  
  40  7:48  SCV  
  41  8:04  Marine x4  
  45  8:22  Marine x4  
  45  8:25  Medivac x2  
  45  8:26  Medivac  
  55  8:44  Command Center  
  55  8:47  Supply Depot  
  55  8:51  Supply Depot  
  55  8:52  Supply Depot  
  55  8:53  Supply Depot  
  55  8:54  Supply Depot  
  55  9:00  Medivac, Marine x4, SCV  
  62  9:11  Supply Depot  
  62  9:12  SCV  
  63  9:23  Refinery  
  63  9:24  SCV  
  63  9:26  Barracks Reactor  
  63  9:27  Marine x3  
  67  9:32  Missile Turret  
  67  9:36  SCV  
  67  9:38  Terran Infantry Armor Level 1  
  68  9:45  Marine x2  
  70  9:47  Refinery  
  70  9:48  SCV  
  70  9:52  Missile Turret  
  71  9:57  Orbital Command  
  71  10:04  Missile Turret  
  71  10:12  Marine x3  
  74  10:25  Medivac  
  74  10:26  Medivac  
  74  10:27  Medivac x2  
  82  10:52  Missile Turret x2  
  82  10:53  Missile Turret  
  72  11:04  Missile Turret  
  72  11:07  Missile Turret  
  67  11:19  Missile Turret  
  67  11:38  Medivac x4  
  75  11:56  Armory  
  75  11:58  Marine x5  
  80  12:08  Medivac  
  82  12:16  Marine x5  
  87  12:33  Marine  
  88  12:42  Marine x4  
  92  12:51  Marine  
  93  12:59  Marine  
  93  13:00  Marine  
  70  13:58  Marine x4  
  70  13:59  Marine  
  75  14:06  Medivac x4  
  83  14:16  Marine x5  
  88  14:34  Marine x5  
  88  14:36  Medivac x2  
  97  14:51  Marine  
Show
View Real Time Build Order
Export as new Build Order

ponush Terran 

Build Orders:  

Get SALT Encoding   

  12  0:01  SCV  
  13  0:13  SCV  
  14  0:18  Supply Depot  
  14  0:25  SCV  
  15  0:40  SCV  
  15  0:41  Barracks  
  16  0:52  SCV  
  17  1:01  Supply Depot  
  17  1:12  Barracks  
  17  1:14  SCV  
  18  1:22  Barracks  
  18  1:29  Marine  
  19  1:33  SCV  
  20  1:45  SCV  
  21  1:47  Marine  
  22  1:57  Orbital Command  
  22  2:01  Supply Depot  
  22  2:02  Marine  
  22  2:04  Marine  
  24  2:12  Marine  
  25  2:19  Marine  
  25  2:20  Refinery  
  25  2:22  Marine  
  27  2:30  Marine  
  28  2:38  Marine  
  28  2:43  Marine  
  30  2:45  SCV  
  30  2:47  Supply Depot  
  30  2:49  Marine  
  32  2:56  Marine  
  32  2:57  SCV  
  34  3:01  Marine  
  35  3:05  Refinery  
  35  3:09  SCV  
  36  3:17  Marine x2  
  38  3:21  SCV  
  38  3:22  Marine  
  40  3:34  Marine x2  
  40  3:38  Command Center  
  42  3:43  Marine  
  42  3:45  Factory  
  43  4:01  Marine x3  
  45  4:19  Marine  
  46  4:35  Marine  
  47  4:39  Factory Tech Lab  
  47  4:40  Starport  
  47  4:41  Marine x2  
  49  4:53  Marine  
  49  4:59  Marine x2  
  50  5:11  Marine  
  48  5:17  Marine  
  46  5:36  Starport Reactor  
  46  5:37  Siege Tank  
  48  5:52  SCV  
  49  5:59  Supply Depot  
  49  6:00  Orbital Command  
  49  6:03  Refinery  
  49  6:04  SCV  
  49  6:09  Siege Tank  
  53  6:16  SCV  
  54  6:23  Marine  
  54  6:28  SCV  
  54  6:32  Bunker, SCV  
  56  6:38  Armory  
  52  6:40  Engineering Bay, SCV  
  52  6:41  Marine  
  52  6:44  SCV  
  55  6:53  Barracks Reactor  
  54  6:56  Barracks Tech Lab  
  54  6:57  SCV  
  54  6:59  Marine  
  55  7:09  SCV  
  55  7:12  Missile Turret  
  56  7:17  Marine  
  56  7:19  Marine  
  56  7:21  SCV  
  59  7:28  Missile Turret  
  57  7:30  Missile Turret  
  57  7:34  Marine  
  57  7:36  Marine x2  
  60  7:37  Marine  
  61  7:46  Thor  
  67  7:52  Marine  
  67  7:53  Marine  
  67  7:54  Marine  
  67  7:56  Marauder  
  72  7:59  SCV  
  72  8:03  Refinery  
  72  8:11  Marine  
  72  8:12  Marine, SCV  
  76  8:14  Medivac  
  78  8:24  SCV  
  78  8:29  Barracks Reactor  
  78  8:36  Barracks, Marauder, Marine x2, SCV  
  78  8:38  Missile Turret  
  78  8:39  Barracks  
  83  8:44  Medivac x2  
  87  8:54  Marine x2, SCV x2  
  91  8:58  Marauder  
  93  9:06  SCV x2  
  94  9:18  Command Center  
  94  9:21  Supply Depot  
  94  9:29  Terran Infantry Weapons Level 1  
  94  9:43  Marine x3, SCV x2  
  94  9:44  Siege Tank  
  94  9:45  Supply Depot  
  102  9:51  Barracks Tech Lab  
  102  9:52  Barracks Tech Lab  
  102  10:03  SCV x2, Terran Vehicle Weapons Level 1  
  104  10:09  Supply Depot, Marine  
  104  10:10  Marauder  
  104  10:12  Stimpack  
  104  10:13  Engineering Bay  
  107  10:15  SCV  
  107  10:21  Combat Shield  
  108  10:23  Concussive Shells  
  108  10:25  SCV  
  108  10:27  SCV  
  110  10:35  Orbital Command  
  110  10:37  SCV  
  110  10:39  SCV  
  112  10:49  Thor  
  118  10:54  Missile Turret  
  118  11:14  Missile Turret  
  118  11:30  Marine x5  
  118  11:31  Marine x2  
  121  11:44  SCV  
  122  11:49  Marauder x2  
  122  11:52  Marine  
  122  11:53  Siege Tank  
  130  11:55  Marine x2  
  130  11:56  Marine, SCV  
  130  11:57  Marine  
  130  11:59  Terran Infantry Weapons Level 2  
  130  12:01  Terran Infantry Armor Level 1  
  135  12:08  SCV  
  136  12:20  SCV x2  
  138  12:26  Command Center  
  138  12:32  SCV  
  139  12:44  SCV  
  118  13:08  Thor  
  116  13:37  Marine x4  
  116  13:38  Marauder x3  
  126  13:41  SCV  
  127  13:54  Marine  
  127  13:55  Marine x3  
  129  13:59  Marine x3  
  132  14:12  Marine  
  133  14:29  Marine x2  
  133  14:30  Marauder x3, Marine x2, Siege Tank  
  133  14:31  Supply Depot  
  142  14:47  Marine x2  
  142  14:48  Marine x2  
  142  14:51  Marauder  
  152  14:53  Supply Depot  
Show
View Real Time Build Order
Export as new Build Order

Porkchops Terran 

Build Orders:  

Get SALT Encoding   

  12  0:01  SCV  
  13  0:13  SCV  
  14  0:23  Supply Depot  
  14  0:25  SCV  
  15  0:42  Refinery  
  15  0:45  SCV  
  15  0:47  Barracks  
  16  0:57  SCV  
  16  1:01  Barracks  
  17  1:09  SCV  
  18  1:21  SCV  
  19  1:26  Barracks  
  19  1:33  SCV  
  20  1:45  SCV  
  21  1:49  Barracks, Marine  
  22  1:57  SCV  
  23  2:03  Supply Depot  
  23  2:15  Supply Depot  
  23  2:19  Orbital Command  
  23  2:24  Marine x3  
  26  2:36  Marine  
  27  2:42  Marine x2  
  29  2:44  Marine  
  29  2:47  SCV  
  31  2:54  Marine  
  31  2:56  Supply Depot  
  32  2:59  SCV  
  33  3:07  Marine x3  
  33  3:12  Marine  
  37  3:25  Command Center  
  37  3:30  Barracks Tech Lab x2  
  37  3:31  Barracks Tech Lab  
  37  3:36  Marine  
  38  3:43  Refinery  
  38  3:54  Marine  
  38  4:42  SCV  
  39  4:48  Factory  
  39  4:51  Supply Depot  
  39  4:53  Engineering Bay, SCV  
  39  4:54  SCV  
  39  4:55  Stimpack  
  39  4:56  Supply Depot, Combat Shield  
  39  4:58  Concussive Shells  
  39  4:59  Barracks Reactor  
  41  5:00  Marine x2  
  41  5:01  Marine  
  41  5:06  SCV x2  
  46  5:18  SCV  
  46  5:29  Marine  
  46  5:30  Marauder, Marine, SCV  
  51  5:48  Marauder, Marine, Orbital Command  
  53  5:51  Refinery  
  53  5:53  Armory, Factory Tech Lab  
  52  5:59  SCV  
  49  6:06  Starport  
  49  6:11  SCV  
  44  6:13  Command Center  
  41  6:24  SCV  
  41  6:32  Missile Turret  
  41  6:34  Missile Turret  
  41  6:36  SCV  
  41  6:38  Missile Turret  
  42  6:41  Missile Turret  
  42  6:44  Missile Turret  
  42  6:48  SCV  
  42  6:50  Terran Infantry Weapons Level 1  
  42  6:53  Marine x2  
  45  7:00  SCV  
  46  7:03  Missile Turret  
  39  7:12  SCV  
  39  7:19  Marauder, Marine x3  
  39  7:20  Marauder  
  44  7:33  Siege Tank  
  44  7:35  SCV  
  44  7:37  Marine  
  48  7:38  Marauder  
  48  7:42  SCV  
  52  7:45  Refinery  
  52  7:47  Supply Depot, SCV  
  50  7:54  SCV  
  45  7:59  SCV  
  46  8:11  Medivac, SCV  
  46  8:12  Marauder, Marine x3  
  56  8:13  Marauder  
  56  8:17  Refinery  
  56  8:19  Planetary Fortress  
  56  8:23  Siege Tank  
  59  8:30  Marauder, Marine x2  
  59  8:34  Marauder, SCV  
  66  8:42  Supply Depot, Terran Vehicle Weapons Level 1  
  66  8:46  SCV x2  
  68  8:52  Missile Turret  
  68  8:55  Refinery  
  68  8:59  SCV  
  68  9:00  Terran Infantry Weapons Level 2  
  69  9:04  Engineering Bay  
  69  9:11  Factory  
  69  9:19  Starport Reactor  
  69  9:20  SCV  
  70  9:25  SCV  
  70  9:31  Supply Depot  
  71  9:32  SCV  
  71  9:37  SCV  
  71  9:38  Terran Infantry Armor Level 1, SCV  
  73  9:44  SCV  
  75  9:51  SCV  
  76  9:56  Command Center, Factory  
  76  10:00  Marine x3  
  76  10:01  Marauder x2, Factory Tech Lab, Siege Tank  
  76  10:05  Medivac x2  
  76  10:07  SCV  
  91  10:12  Supply Depot  
  91  10:13  Supply Depot  
  91  10:19  SCV  
  92  10:22  Factory  
  92  10:26  SCV  
  92  10:27  Barracks, Armory  
  93  10:31  SCV  
  93  10:35  Medivac  
  87  10:38  SCV  
  72  10:50  SCV  
  73  11:00  Missile Turret  
  73  11:03  SCV  
  74  11:10  Marine x4  
  74  11:11  Marine  
  74  11:15  SCV  
  68  11:24  Viking x2  
  70  11:27  SCV  
  70  11:28  Marine x4  
  74  11:35  Marine  
  74  11:38  Factory Tech Lab  
  74  11:39  SCV  
  76  11:46  Marine  
  76  11:47  Marauder x2  
  81  11:51  SCV, Missile Turret  
  81  11:52  SCV  
  83  11:54  Viking x2  
  83  11:59  Missile Turret  
  87  12:03  SCV  
  87  12:04  SCV  
  87  12:07  Missile Turret  
  89  12:10  Factory Tech Lab  
  89  12:15  SCV  
  90  12:19  Siege Tank  
  90  12:20  Siege Tank  
  90  12:21  Marine  
  90  12:22  Marine  
  98  12:24  Viking  
  98  12:27  SCV  
  101  12:35  SCV  
  101  12:36  Missile Turret  
  102  12:39  SCV  
  103  12:46  SCV  
  103  12:47  SCV  
  105  12:51  SCV, Terran Vehicle And Ship Armor Level 1  
  106  12:58  SCV  
  106  12:59  SCV  
  106  13:04  SCV  
  109  13:08  Viking x2  
  109  13:11  SCV  
  114  13:13  Starport  
  114  13:16  Marine x6, SCV  
  121  13:23  SCV  
  122  13:41  SCV  
  123  13:42  Barracks Reactor  
  123  13:47  SCV  
  124  13:49  Supply Depot  
  124  13:59  Supply Depot  
  124  14:00  Orbital Command  
  124  14:04  Refinery  
  124  14:10  Marine  
  124  14:11  Marauder, Marine, Siege Tank, SCV  
  132  14:20  Medivac x2, Marine, SCV  
  132  14:21  Marauder  
  140  14:54  Starport Reactor  
Tags
 
Add a new tag
Caveats
  • Supply blocks, unpowered buildings, or Contaminate may cause inaccurate times.
  • Supply counts are checked every 10 seconds.